 Dungeon Crawl Stone Soup version 0.30-a0-23-ge60ba3568b (webtiles) character file.

Game seed: 18399737684079441992

89 purpskrrrp the Shield-Bearer (level 4, -16/38 HPs)
             Began as a Demigod Fighter on Aug 26, 2022.
             Demolished by an ogre
             ... wielding a +0 giant club
              (34 damage)
             ... on level 3 of the Dungeon.
             The game lasted 00:04:51 (2325 turns).

purpskrrrp the Shield-Bearer (Demigod Fighter)      Turns: 2325, Time: 00:04:52

Health: -16/38     AC:  7    Str: 21    XL:     4   Next: 10%
Magic:  6/6        EV:  9    Int: 10    God:
Gold:   76         SH:  4    Dex: 13    Spells: 3/3 levels left

rFire   . . .      SeeInvis .    a - +0 flail
rCold   . . .      Faith    .    c - +0 buckler
rNeg    . . .      Spirit   .    b - +0 scale mail
rPois   .          Reflect  .    (no helmet)
rElec   .          Harm     .    (no cloak)
rCorr   .          Rampage  .    m - +0 pair of gloves
Will    .....                    (no boots)
Stlth   ..........               (no amulet)
HPRegen 0.12/turn                (no ring)
MPRegen 0.10/turn                (no ring)

@: no status effects
A: high MP 1, forlorn, divine attributes
a: no special abilities


You were on level 3 of the Dungeon.
You visited 1 branch of the dungeon, and saw 3 of its levels.

You collected 76 gold pieces.

Inventory:

Hand Weapons
 a - a +0 flail (weapon)
Armour
 b - a +0 scale mail (worn)
 c - a +0 buckler (worn)
 m - a +0 pair of gloves (worn)
Scrolls
 d - a scroll of enchant armour {unknown}
 h - a scroll of fear {unknown}
 k - a scroll of blinking {unknown}
Potions
 e - 2 potions of curing
 f - a potion of berserk rage {unknown}
 g - a potion of heal wounds {unknown}
 i - a potion of invisibility {unknown}


   Skills:
 + Level 3.0 Fighting
 * Level 2.9 Maces & Flails
 + Level 3.1 Armour
 + Level 1.1 Dodging
 + Level 3.1 Shields


You had 3 spell levels left.
You didn't know any spells.
Your spell library contained the following spells:

 Spells                   Type           Power      Damage    Failure   Level
 Stone Arrow              Conj/Erth      0%         3d7       99%         3
 Animate Armour           Summ/Erth      0%         N/A       100%        4
 Lehudib's Crystal Spear  Conj/Erth      0%         10d2      100%        8


Dungeon Overview and Level Annotations

Branches:
Dungeon (3/15)


Innate Abilities, Weirdness & Mutations

You have an increased reservoir of magic. (+10% MP)
You shall have no god before yourself.
Your divine heritage dramatically boosts your attributes as you level up.


Message History

Okay, then.
Really read the scroll of poison?
The air fills with toxic fumes!
As you read the scroll of poison, it crumbles to dust.
Unknown command.
Hit: a) +0 flail
Press: ? - help, Dir - move target, f - ogre
Aim: an ogre, wielding a +0 giant club (about 28% to evade your +0 flail)
You barely miss the ogre. The ogre barely misses you.
Hit: a) +0 flail
Press: ? - help, Dir - move target, f/p - ogre
Aim: an ogre, wielding a +0 giant club (about 28% to evade your +0 flail)
You sock the ogre!
The ogre is heavily wounded.
The ogre hits you with a +0 giant club!
Hit: a) +0 flail
Press: ? - help, Dir - move target, f/p - ogre
Aim: an ogre, wielding a +0 giant club (heavily wounded, about 28% to evade your +0 flail)
You completely miss the ogre.
The ogre is heavily wounded.
The ogre hits you with a +0 giant club!
Hit: a) +0 flail
Press: ? - help, Dir - move target, f/p - ogre
Aim: an ogre, wielding a +0 giant club (heavily wounded, about 28% to evade your +0 flail)
You completely miss the ogre.
The ogre is heavily wounded.
Hit: a) +0 flail
Press: ? - help, Dir - move target, f/p - ogre
Aim: an ogre, wielding a +0 giant club (heavily wounded, about 28% to evade your +0 flail)
You hit the ogre.
The ogre is severely wounded.
The ogre barely misses you.
Hit: a) +0 flail
Press: ? - help, Dir - move target, f/p - ogre
Aim: an ogre, wielding a +0 giant club (heavily wounded, about 28% to evade your +0 flail)
You barely miss the ogre.
The ogre is heavily wounded.
The ogre hits you with a +0 giant club!!
Ouch! That really hurt!
You die...

#...
##..........#
#.#.#..#####
#.....###
#..#....#
#..#รท##.#
#....##..#
###...##..#
#....##.#
#@....#..
#..O.........
#..!).......
#......>....
#...........
#...........
#...........
#...........


You could see an ogre.

Vanquished Creatures
  4 adders
  2 worms (D:2)
  2 ball pythons
  7 bats
  3 endoplasms (D:2)
  2 giant cockroaches
  2 hobgoblins (D:1)
  4 jackals (D:1)
  A quokka (D:1)
  4 frilled lizards
  5 goblins
  9 kobolds
  3 rats
48 creatures vanquished.

Notes
Turn   | Place    | Note
-------+----------+-------------------------------------------
     0 | D:1      | purpskrrrp the Demigod Fighter began the quest for the Orb.
     0 | D:1      | Reached XP level 1. HP: 18/18 MP: 3/3
   509 | D:1      | Reached XP level 2. HP: 22/25 MP: 4/4
  1093 | D:2      | Reached XP level 3. HP: 30/30 MP: 5/5
  1344 | D:2      | Reached skill level 1 in Dodging
  2096 | D:3      | Reached XP level 4. HP: 20/38 MP: 6/6
  2299 | D:3      | Noticed an ogre
  2325 | D:3      | Demolished by an ogre

Illustrated notes

Levels and vault maps discovered:
D:1:      dpeg_arrival_three_smaller_balls, layout_loops_cross,
          minmay_misc_feat_more_columns, chequers_jeans
D:2:      layout_rooms
D:3:      minmay_diamond_boxcup, layout_rooms,
          chequers_temple_overflow_statue_of_worship,
          ebering_ecumenical_altar_petrified, serial_shops, shop,
          hangedman_decor_diamond_cutter

Skill      XL: |  1  2  3 |
---------------+----------+-----
Maces & Flails | 2 |  2.9
Shields        | 3 |  3.1
Armour         | 3 |  3.1
Dodging        | 1 |  1.1
Fighting       | 3 |  3.0

Action                   |  1- 3 |  4- 6 || total
-------------------------+-------+-------++-------
Melee: Flail             |   162 |     6 ||   168
  Use: Scroll            |     6 |     1 ||     7
       Potion            |     2 |       ||     2
Armor: Scale mail        |    99 |       ||    99
Dodge: Dodged            |    90 |     2 ||    92
Block: Buckler           |    44 |       ||    44

Table legend: (Time is in decaauts)
 A = Elapsed time spent in this place.
 B = Non-inter-level travel time spent in this place.
 C = Inter-level travel time spent in this place.
 D = Time resting spent in this place.
 E = Time spent auto-exploring this place.
 F = Levels seen in this place.
 G = Mean time per level.
                   A        B        C        D        E       F      G
               +--------+--------+--------+--------+--------+-----+--------+
         Total |   2377 |   2336 |     41 |    579 |   1326 |   3 |  792.3 |
       Dungeon |   2377 |   2336 |     41 |    579 |   1326 |   3 |  792.3 |
               +--------+--------+--------+--------+--------+-----+--------+

Top non-repeatable levels by time:
     D:2: 1108 daAuts
     D:1: 998 daAuts
     D:3: 270 daAuts
